 Dungeon Crawl Stone Soup version 0.28.0-49-g6dfe1f597d (webtiles) character file.

Game seed: 341692677505396564

45 mortz the Gusty (level 3, -9/24 HPs)
             Began as a Human Air Elementalist on May 16, 2022.
             Mangled by an ogre
             ... wielding a +0 giant club
              (28 damage)
             ... on level 2 of the Dungeon.
             The game lasted 00:06:09 (1869 turns).

mortz the Gusty (Human Air Elementalist)            Turns: 1869, Time: 00:06:09

Health: -9/24      AC:  3    Str:  8    XL:     3   Next: 90%
Magic:  0/6        EV: 12    Int: 17    God:
Gold:   92         SH:  0    Dex: 13    Spells: 4/7 levels left

rFire   . . .      SeeInvis .   k - +1 falchion (vorpal) {long}
rCold   . . .      Faith    .   (no shield)
rNeg    . . .      Spirit   .   a - +0 robe
rPois   .          Reflect  .   (no helmet)
rElec   .          Harm     .   (no cloak)
rCorr   .          Rampage  .   (no gloves)
Will    .....                   f - +0 pair of boots
Stlth   ++........              (no amulet)
HPRegen 0.08/turn               (no ring)
MPRegen 0.10/turn               (no ring)

@: no status effects
A: no striking features
a: no special abilities


You were on level 2 of the Dungeon.
You visited 1 branch of the dungeon, and saw 2 of its levels.

You collected 92 gold pieces.


   Skills:
 + Level 0.1 Polearms
 + Level 2.2 Dodging
 + Level 2.1 Stealth
 + Level 2.6 Spellcasting
 + Level 1.3 Conjurations
 + Level 3.6 Air Magic


You had 4 spell levels left.
You knew the following spells:

 Your Spells              Type           Power      Damage    Failure   Level
a - Shock                 Conj/Air       40%        1d5       6%          1
b - Static Discharge      Conj/Air       10%        N/A       10%         2

Your spell library contained the following spells:

 Spells                   Type           Power      Damage    Failure   Level
 Swiftness                Air            14%        N/A       12%         3
 Airstrike                Air            7%         N/A       36%         4

Inventory:

Hand Weapons
 b - a +0 spear {polearm}
   (You found it on level 1 of the Dungeon)
 k - a +1 vorpal falchion (weapon) {long}
   (You found it on level 2 of the Dungeon)
Armour
 a - a +0 robe (worn)
 f - a +0 pair of boots (worn)
   (You found it on level 1 of the Dungeon)
 j - a +0 leather armour
   (You found it on level 1 of the Dungeon)
Scrolls
 c - a scroll of vulnerability {unknown}
 d - a scroll of enchant armour {unknown}
 e - a scroll of identify {unknown}
Potions
 g - a potion of attraction {unknown}
 h - a potion of degeneration {unknown}
 i - a potion of flight {unknown}

Dungeon Overview and Level Annotations

Branches:
Dungeon (2/15)

Altars:

#..................#.# #.#
#######∩..8....._..♣.......###.#
...............................#
......!.................#..#####
.......♣..♣..∩..♣..∩....#.......
........................#....##.
........................#..####.
.......∩..8.....8..∩..÷.##.## ##
........#......@)##.....##..#
........#.......O##.....##..##
.......#................#O..###
................##......#.#.#..
#####.....#############.......#
#.....# #######..### #.....#
#............ #...(.#
######.......#.###
#.....####............#..##


You could see an ogre.


Message History

😨 HP[-5] MP[-2]
You take 5 damage, and now have 8/24 hp.
MASSIVE DAMAGE!! (PAUSE)
You lost 2 mp, and now have 0/6 mp.
You see here a ball python skeleton.
There is an empty arch of ancient stone here.
There is a faded altar of an unknown god here.
A frilled lizard comes into view. 😎 HP[+16] MP[+6]
Your hp is fully restored (24).
Your mp is fully restored (6).
You see here a +1 vorpal falchion {long}.
k - a +1 vorpal falchion (weapon)
{long} An ogre comes into view. It is wielding a +0 giant club.
The ogre moves out of view.
There is a faded altar of an unknown god here.
The frilled lizard hisses angrily.
Aiming: Shock (safe; 6% risk of failure)
Press: ? - help, Q - select action, (/) - cycle Shift-Dir - straight line, f - frilled lizard
Aim: a frilled lizard (48% to hit)
The zap hits the frilled lizard. 😎 MP[-1]
You lost 1 mp, and now have 5/6 mp.
Aiming: Shock (safe; 6% risk of failure)
Press: ? - help, Q - select action, (/) - cycle Shift-Dir - straight line, f/p - frilled lizard
Aim: a frilled lizard (heavily wounded, 48% to hit)
The zap hits the frilled lizard.
You kill the frilled lizard! 😎 MP[-1]
You lost 1 mp, and now have 4/6 mp.
An ogre is nearby!
Aiming: Shock (safe; 6% risk of failure)
Press: ? - help, Q - select action, (/) - cycle Shift-Dir - straight line, f - ogre
Aim: an ogre, wielding a +0 giant club (wandering, hasn't noticed you, 85% to hit)
The zap hits the ogre.
The ogre shouts!
Aiming: Shock (safe; 6% risk of failure)
Press: ? - help, Q - select action, (/) - cycle Shift-Dir - straight line, f/p - ogre
Aim: an ogre, wielding a +0 giant club (lightly wounded, 85% to hit)
The zap hits the ogre. 😎 MP[-1]
You lost 1 mp, and now have 3/6 mp.
Aiming: Shock (safe; 6% risk of failure)
Press: ? - help, Q - select action, (/) - cycle Shift-Dir - straight line, f/p - ogre
Aim: an ogre, wielding a +0 giant club (lightly wounded, 85% to hit)
You miscast Shock.
You are very lightly contaminated with residual magic.
Nothing appears to happen. 😎 MP[-1]
You lost 1 mp, and now have 2/6 mp.
Aiming: Shock (safe; 6% risk of failure)
Press: ? - help, Q - select action, (/) - cycle Shift-Dir - straight line, f/p - ogre
Aim: an ogre, wielding a +0 giant club (lightly wounded, 85% to hit)
The zap misses the ogre. 😎 MP[-1]
You lost 1 mp, and now have 1/6 mp.
Aiming: Shock (safe; 6% risk of failure)
Press: ? - help, Q - select action, (/) - cycle Shift-Dir - straight line, f/p - ogre
Aim: an ogre, wielding a +0 giant club (lightly wounded, 85% to hit)
The zap hits the ogre. 😎 MP[-1]
You lost 1 mp, and now have 0/6 mp.
Your magical contamination has completely faded away.
There is an empty arch of ancient stone here.
The ogre closely misses you. 😎 MP[+1]
There is a stone staircase leading up here.
You see here a +0 long sword {long}. 😎 MP[+1]
There is a stone staircase leading up here. 😎 MP[+1]
The ogre barely misses you.
You see here a +0 ring mail. 😎 MP[+1]
The ogre closely misses you. 😎 MP[+1] 😎 MP[+1]
Your mp is fully restored (6).
There is a stone staircase leading up here.
Casting: Shock (safe; 6% risk of failure)
Confirm with . or Enter, or press ? or * to list all spells.
The ogre is struck by an arc of lightning.
You are struck by an arc of lightning.
The lightning grounds out.
The ogre closely misses you. 😕 HP[-1] MP[-2]
You take 1 damage, and now have 23/24 hp.
You lost 2 mp, and now have 4/6 mp.
Casting: Static Discharge (safe; 10% risk of failure)
Confirm with . or Enter, or press ? or * to list all spells.
The ogre is struck by an arc of lightning!
You are struck by an arc of lightning.
The lightning grounds out. 😕 HP[-2] MP[-2]
You take 2 damage, and now have 21/24 hp.
You lost 2 mp, and now have 2/6 mp.
Casting: Static Discharge (safe; 10% risk of failure)
Confirm with . or Enter, or press ? or * to list all spells.
The ogre is struck by an arc of lightning!
You are struck by an arc of lightning.
The lightning grounds out.
The ogre hits you with a +0 giant club!!
Ouch! That really hurt!
You die...

Action                   || total
-------------------------++-------
Melee: Spear             ||    20
 Cast: Shock             ||    55
       Static Discharge  ||    12
Armor: Robe              ||    12
Dodge: Dodged            ||    39

Levels and vault maps discovered:
D:1:      tarquinn_simple_flora_water_d, layout_loops_cross
D:2:      layout_basic, hellmonk_ecumenical_altar_arch_garden,
          palyth_stone_intersect

Notes
Turn   | Place    | Note
-------+----------+-------------------------------------------
     0 | D:1      | mortz the Human Air Elementalist began the quest for the
                  | Orb.
     0 | D:1      | Reached XP level 1. HP: 13/13 MP: 3/3
     0 | D:1      | magus.rc [v1.9.6]
   335 | D:1      | Reached XP level 2. HP: 19/19 MP: 1/5
   338 | D:1      | Learned a level 2 spell: Static Discharge
   783 | D:1      | magus.rc [v1.9.6]
  1180 | D:2      | Reached XP level 3. HP: 24/24 MP: 2/6
  1238 | D:2      | Found a faded altar of an unknown god.
  1773 | D:2      | Noticed an ogre
  1869 | D:2      | Mangled by an ogre

Vanquished Creatures
  An adder (D:2)
  A dart slug (D:1)
  5 endoplasms
  A giant cockroach (D:2)
  A goblin (D:1)
  A hobgoblin (D:2)
  4 jackals (D:2)
  3 quokkas
  4 ball pythons
  5 bats
  2 frilled lizards
  3 rats
31 creatures vanquished.

Table legend:
 A = Non-vault XP
 B = Vault XP
 C = Vault XP percentage of total XP
 D = Non-vault monster count
 E = Vault monster count
 F = Vault count percentage of total count
                 A         B        C        D         E       F
            +---------+---------+-------+---------+---------+-------
      Total |      65 |       0 |   0.0 |      31 |       0 |   0.0
            +---------+---------+-------+---------+---------+-------
        D:1 |      28 |       0 |   0.0 |      16 |       0 |   0.0
        D:2 |      37 |       0 |   0.0 |      15 |       0 |   0.0
            +---------+---------+-------+---------+---------+-------

Illustrated notes

Table legend:
 A = Kills in this place as a percentage of kills in entire the game.
 B = Kills by you in this place as a percentage of kills by you in the entire game.
 C = Kills by friends in this place as a percentage of kills by friends in the entire game.
 D = Other kills in this place as a percentage of other kills in the entire game.
 E = Experience gained in this place as a percentage of experience gained in the entire game.
 F = Experience gained in this place divided by the number of levels of this place that you have seen.
                   A       B       C       D       E      F
               +-------+-------+-------+-------+-------+----------------------
         Total | 100.0 | 100.0 |   N/A |   N/A | 100.0 |  32.5
       Dungeon | 100.0 | 100.0 |   N/A |   N/A | 100.0 |  32.5
               +-------+-------+-------+-------+-------+----------------------

Table legend: (Time is in decaauts)
 A = Elapsed time spent in this place.
 B = Non-inter-level travel time spent in this place.
 C = Inter-level travel time spent in this place.
 D = Time resting spent in this place.
 E = Time spent auto-exploring this place.
 F = Levels seen in this place.
 G = Mean time per level.
                   A        B        C        D        E       F      G
               +--------+--------+--------+--------+--------+-----+--------+
         Total |   1869 |   1836 |     33 |     23 |   1547 |   2 |  934.5 |
       Dungeon |   1869 |   1836 |     33 |     23 |   1547 |   2 |  934.5 |
               +--------+--------+--------+--------+--------+-----+--------+

Top non-repeatable levels by time:
     D:1: 1146 daAuts
     D:2: 723 daAuts
